 Dungeon Crawl Stone Soup version 0.29-a0-284-gf9362112df (webtiles) character file.

Game seed: 430652957372649659

25 chromaticdragonking the Sneak (level 2, -3/15 HPs)
             Began as a Vampire Enchanter on Mar 30, 2022.
             Slain by a goblin
             ... wielding a +0 club
             ... led by Robin
              (6 damage)
             ... on level 3 of the Dungeon.
             The game lasted 00:02:05 (1444 turns).

chromaticdragonking the Sneak (Vampire Enchanter)   Turns: 1444, Time: 00:02:05

Health: -3/15      AC:  2    Str:  7    XL:     2   Next: 86%
Magic:  1/1        EV: 12    Int: 17    God:
Gold:   81         SH:  0    Dex: 14    Spells: 3/5 levels left

rFire   . . .      SeeInvis +   d - +2 dagger (antimagic)
rCold   + + .      Faith    .   (no shield)
rNeg    + + +      Spirit   .   b - +0 robe
rPois   ∞          Reflect  .   (no helmet)
rElec   .          Harm     .   (no cloak)
rCorr   .          Rampage  .   (no gloves)
Will    .....                   (no boots)
Stlth   +++++.....              (no amulet)
HPRegen 0.00/turn               (no ring)
MPRegen 0.07/turn               (no ring)

@: bloodless, inhibited regen
A: bloodless, fangs 3, see invisible, vampiric 1
a: Revivify


You were on level 3 of the Dungeon.
You visited 1 branch of the dungeon, and saw 3 of its levels.

You collected 81 gold pieces.

Inventory:

Hand Weapons
 a - a +1 dagger
 d - a +2 antimagic dagger (weapon)
Armour
 b - a +0 robe (worn)
Scrolls
 e - a scroll of fear {unknown}
 h - a scroll of noise {unknown}
 l - 2 scrolls of identify {unknown}
 n - a scroll of enchant weapon {unknown}
 o - a scroll of silence {unknown}
Potions
 c - 2 potions of invisibility
 f - a potion of haste {unknown}
 g - a potion of brilliance {unknown}
 i - 2 potions of lignification {unknown}
 j - a potion of flight {unknown}
 k - 2 potions of heal wounds {unknown}
 m - a potion of degeneration {unknown}
 p - a potion of ambrosia {unknown}


   Skills:
 * Level 1.6 Short Blades
 + Level 2.4 Dodging
 * Level 5.5 Stealth
 + Level 2.0 Spellcasting
 + Level 4.5 Hexes


You had 3 spell levels left.
You knew the following spells:

 Your Spells              Type           Power      Damage    Failure   Level
a - Ensorcelled Hibernat  Hex/Ice        18%        N/A       12%         2

Your spell library contained the following spells:

 Spells                   Type           Power      Damage    Failure   Level
 Confusing Touch          Hex            17%        N/A       9%          3
 Tukima's Dance           Hex            17%        N/A       9%          3
 Dazzling Flash           Conj/Hex       18%        N/A       22%         3


Dungeon Overview and Level Annotations

Branches:
Dungeon (3/15)

Altars:

Annotations:
D:2 Robin


Innate Abilities, Weirdness & Mutations

You do not regenerate when monsters are visible.
You are frail without blood (-20% HP).
You can heal yourself when you bite living creatures.
You are immune to poison.
You have razor-sharp teeth.
You have supernaturally acute eyesight. (SInv)
You are afflicted with vampirism.


Message History

o - a scroll labelled XEATROF GIOZA
l - 2 scrolls labelled YVUCIV XIHYZ (gained 1)
p - a fuming purple potion
Found a stone staircase leading down.
There is a stone staircase leading down here.
A goblin comes into view. It is wielding a +0 club.
Found 12 gold pieces.
A goblin comes into view. It is wielding a +0 dagger.
A goblin and 2 hobgoblins come into view.
Robin and 2 goblins come into view.
Found an escape hatch in the ceiling. 2 goblins and 2 hobgoblins come into view.
Found a stone staircase leading up.
You closely miss the goblin. Your bite misses the goblin.
The goblin shouts!
The hobgoblin shouts!
The goblin shouts!
Robin shouts!
The goblin hits you with a +0 dagger. Robin throws the goblin at you!
The goblin shouts! x2
The goblin shouts!
The hobgoblin shouts! x2
You hit the goblin.
The goblin is severely wounded.
The goblin barely misses you. x2; Robin throws the goblin at you!
The goblin closely misses you. The goblin hits you with a +0 dagger.
Robin roars a battlecry!
The goblins go into a battle-frenzy!
The goblin closely misses you. The goblin attacks as you move away!
The goblin closely misses you. The goblin attacks as you move away!
The goblin closely misses you. The goblin attacks as you move away!
The goblin closely misses you.
There is a stone staircase leading down here.
The goblin hits you with a +0 club.
* * * LOW HITPOINT WARNING * * *
You climb downwards.
There is a stone staircase leading up here.
You hit the goblin. Your bite misses the goblin.
The goblin is moderately wounded.
The goblin closely misses you.
You closely miss the goblin.
The goblin is moderately wounded.
The goblin hits you with a +0 club.
You die... # #.### #.g@# #####

You could see a goblin (strong).

Vanquished Creatures
  2 worms (D:2)
  A bat (D:1)
  3 giant cockroaches
  4 goblins
  2 hobgoblins
  A kobold (D:1)
  4 ball pythons
  A rat (D:1)
18 creatures vanquished.

Notes
Turn   | Place    | Note
-------+----------+-------------------------------------------
     0 | D:1      | chromaticdragonking the Vampire Enchanter began the quest
                  | for the Orb.
     0 | D:1      | Reached XP level 1. HP: 13/13 MP: 3/3
   441 | D:1      | Reached skill level 5 in Stealth
   441 | D:1      | Reached XP level 2. HP: 7/15 MP: 1/5
   712 | D:1      | Learned a level 2 spell: Ensorcelled Hibernation
  1426 | D:2      | Noticed Robin
  1444 | D:3      | Slain by a goblin

Illustrated notes

Levels and vault maps discovered:
D:1:      minmay_arrival_doors, layout_basic,
          hangedman_abyss_or_decor_lesser_grid, minmay_tetromino_o2
D:2:      minmay_diamond_boxcup, layout_basic, minmay_door_square,
          dk_vineyard_3, hangedman_decor_peaks_small, uniq_robin
D:3:      layout_basic, small_statue_intersection, uniq_grinder

Skill      XL: |  1 |
---------------+----+-----
Stealth        | 5 |  5.5
Short Blades   | |  1.6
Dodging        | |  2.4
Spellcasting   | |  2.0
Hexes          | |  4.5

Action                   || total
-------------------------++-------
Melee: Dagger            ||    40
       Bite              ||     6
       Punch             ||     1
 Abil: Exsanguinate      ||     1
 Stab: Sleeping          ||    12
Armor: Robe              ||     2
Dodge: Dodged            ||    15

Table legend: (Time is in decaauts)
 A = Elapsed time spent in this place.
 B = Non-inter-level travel time spent in this place.
 C = Inter-level travel time spent in this place.
 D = Time resting spent in this place.
 E = Time spent auto-exploring this place.
 F = Levels seen in this place.
 G = Mean time per level.
                   A        B        C        D        E       F      G
               +--------+--------+--------+--------+--------+-----+--------+
         Total |   1441 |   1400 |     41 |      0 |   1231 |   3 |  480.3 |
       Dungeon |   1441 |   1400 |     41 |      0 |   1231 |   3 |  480.3 |
               +--------+--------+--------+--------+--------+-----+--------+

Top non-repeatable levels by time:
     D:1: 970 daAuts
     D:2: 469 daAuts
     D:3: 1 daAuts
